 Seeded DCSS version 0.28.0-43-g3370ac3207 (webtiles) character file.

Game seed: 69420690 (custom seed)

1999 omerta174 the Covered (level 9, -2/81 HPs)
             Began as a Deep Dwarf Cinder Acolyte on Mar 3, 2022.
             Was an Initiate of the Shining One.
             Slain by a fire elemental (8 damage)
             ... created by the fiery vengeance of Ignis
             ... on level 6 of the Dungeon.
             The game lasted 00:50:46 (5108 turns).

omerta174 the Covered (Deep Dwarf Cinder Acolyte)   Turns: 5108, Time: 00:50:46

Health: -2/81      AC: 18    Str: 21    XL:     9   Next: 2%
Magic:  1/1        EV:  8    Int: 19    God:    the Shining One [......]
Gold:   80         SH:  0    Dex:  8    Spells: 10/10 levels left

rFire   . . .      SeeInvis .   s - +4 dagger "Rabest" {protect, Str+3}
rCold   . . .      Faith    .   (no shield)
rNeg    . . .      Spirit   .   o - +0 chain mail
rPois   +          Reflect  .   y - +0 helmet of Love and Death {+Blink rCorr}
rElec   .          Harm     .   (no cloak)
rCorr   +          Rampage  .   (no gloves)
Will    +....                   (no boots)
Stlth   ..........              (no amulet)
HPRegen 0.00/turn               z - ring of poison resistance
MPRegen 0.07/turn               (no ring)

@: about to teleport, under a protective aura, glowing, fire susceptible
A: damage resistance, heal wounds, sense surroundings 2, no regeneration
a: Heal Wounds, Renounce Religion, Evoke Blink


You were on level 6 of the Dungeon.
You worshipped the Shining One.
The Shining One was noncommittal.
You visited 1 branch of the dungeon, and saw 6 of its levels.

You collected 143 gold pieces.
You spent 63 gold pieces at shops.

Inventory:

Hand Weapons
 a - a -1 hand axe of flaming
 d - a +0 long sword
 j - a +0 hand axe
 n - a +0 war axe
 r - a +1 falchion of freezing
 s - the +4 dagger "Rabest" (weapon) {protect, Str+3}
   (You found it on level 5 of the Dungeon)

   It grants its wielder temporary protection when it strikes (+7 to AC).
   Str:       It affects your strength (+3).
Missiles
 p - 32 bolts
Armour
 b - a +0 robe
 e - a +0 helmet
 i - a +0 ring mail
 k - a +0 ring mail
 l - +0 steam dragon scales
 o - a +0 chain mail (worn)
 w - a +0 helmet
 y - the +0 helmet of Love and Death (worn) {+Blink rCorr}
   (You found it on level 5 of the Dungeon)

   +Blink:    It lets you blink.
   rCorr:     It protects you from acid and corrosion.
 A - a +0 robe
Jewellery
 z - a ring of poison resistance (left hand)
Wands
 h - a wand of mindburst (7)
Scrolls
 g - 2 scrolls of magic mapping
 v - a scroll of enchant weapon {unknown}
 x - a scroll of fear {unknown}
Potions
 c - 2 potions of degeneration {unknown}
 f - 2 potions of flight
 q - a potion of lignification {unknown}
 t - a potion of curing
 u - a potion of brilliance
 B - a potion of attraction {unknown}


   Skills:
 + Level 5.4 Fighting
 + Level 3.5(4.5) Short Blades
 + Level 4.6(5.3) Long Blades
 + Level 5.1 Axes
 + Level 7.2 Armour
 + Level 2.8 Dodging
 + Level 1.2 Stealth
 + Level 1.0 Spellcasting
 + Level 3.1 Fire Magic


You had 10 spell levels left.
You didn't know any spells.
Your spell library contained the following spells:

 Spells                   Type           Power      Damage    Failure   Level
 Scorch                   Fire           24%        2d6       52%         2
 Sublimation of Blood     Necr           0%         N/A       91%         2
 Wereblood                Tmut           0%         N/A       91%         2
 Gell's Gravitas          Tloc           0%         N/A       99%         3
 Stone Arrow              Conj/Erth      0%         3d7       99%         3
 Teleport Other           Tloc           0%         N/A       99%         3
 Animate Armour           Summ/Erth      0%         N/A       100%        4
 Dispersal                Tloc           0%         N/A       100%        6
 Summon Hydra             Summ           0%         N/A       100%        7
 Disjunction              Tloc           0%         N/A       100%        8
 Lehudib's Crystal Spear  Conj/Erth      0%         10d2      100%        8


Dungeon Overview and Level Annotations

Branches:
Dungeon (6/15)             Temple (0/1) D:6

Altars:
Dithmenos
The Shining One

Shops:
D:5 *


Innate Abilities, Weirdness & Mutations

You are resistant to damage.
You can heal yourself by infusing magical energy.
You passively map the area around you.
You do not regenerate.


Message History

The fire elemental hits you. The fire elemental burns you!
The fire elemental closely misses you.
You hit the fire elemental.
The fire elemental is moderately damaged.
The fire elemental hits you. The fire elemental burns you!
The fire elemental hits you. The fire elemental burns you!
The fire elemental hits you. The fire elemental burns you!
You closely miss the fire elemental.
The fire elemental is moderately damaged.
The fire elemental closely misses you. The fire elemental hits you.
The fire elemental burns you! The fire elemental hits you.
The fire elemental burns you! The fire elemental closely misses you.
You hit the fire elemental.
The fire elemental is heavily damaged.
The fire elemental completely misses you.
The fire elemental barely misses you. The fire elemental hits you.
The fire elemental burns you!
You hit the fire elemental.
The fire elemental is heavily damaged.
The fire elemental barely misses you. The fire elemental hits you.
The fire elemental burns you! The fire elemental barely misses you.
The fire elemental hits you. The fire elemental burns you!
You closely miss the fire elemental.
The fire elemental is heavily damaged.
The fire elemental closely misses you. The fire elemental hits you.
The fire elemental burns you! The fire elemental hits you.
The fire elemental burns you!
You hit the fire elemental.
The fire elemental is severely damaged.
The fire elemental hits you. The fire elemental burns you!
* * * LOW HITPOINT WARNING * * *
The fire elemental hits you. The fire elemental burns you!
* * * LOW HITPOINT WARNING * * *
The fire elemental closely misses you.
As you read the scroll of teleportation, it crumbles to dust.
You feel strangely unstable. The fire elemental hits you.
The fire elemental burns you!
* * * LOW HITPOINT WARNING * * *
The fire elemental hits you. The fire elemental burns you!
You die...

....#.#... .$^# , ,
#..#...#.##.8.# ,
.............(.* ,
............ * , ,
..#☼....#*** , .
#.#.#..# ,
,*..##.#.#..## ,
........EEE### * ,
.....<..[@...## ,
###..........#
...#*.#####.........##
...##..#.....#....>.##
.........#......>....#
.....................##
......................##
.#....#................#
.#(#..#......#.........#


You could see 3 fire elementals.

Vanquished Creatures
  Maggie (D:6)
  Menkaure (D:6)
  A water moccasin (D:4)
  An ice beast (D:5)
  A black bear (D:5)
  3 ogres
  2 phantoms
  A centaur (D:5)
  2 scorpions
  4 killer bees
  A howler monkey (D:6)
  A bullfrog zombie (D:6)
  2 hounds
  2 jellies
  A bullfrog skeleton (D:6)
  A centaur skeleton (D:6)
  Terence (D:3)
  An iguana (D:5)
  Ijyb (D:4)
  A killer bee zombie (D:6)
  3 gnolls (D:5)
  A howler monkey skeleton (D:5)
  7 adders
  2 adder skeletons (D:4)
  A worm (D:3)
  2 dart slugs (D:1)
  6 orcs
  8 endoplasms
  A goblin (D:2)
  6 hobgoblins
  3 jackals (D:1)
  4 kobolds
  3 ball pythons
  3 bats
  6 frilled lizards
  2 rats
87 creatures vanquished.

Vanquished Creatures (collateral kills)
  An ogre (D:5)
1 creature vanquished.

Vanquished Creatures (others)
  An orc (D:4)
  A ball python (D:4)
  42 foxfires
44 creatures vanquished.

Grand Total: 132 creatures vanquished

Notes
Turn   | Place    | Note
-------+----------+-------------------------------------------
     0 | D:1      | omerta174 the Deep Dwarf Cinder Acolyte began the quest for
                  | the Orb.
     0 | D:1      | Reached XP level 1. HP: 20/20 MP: 2/2
   173 | D:1      | Reached XP level 2. HP: 13/28 MP: 3/3
  1947 | D:2      | Found a faded altar of an unknown god.
  2190 | D:1      | Reached XP level 3. HP: 28/34 MP: 4/4
  2620 | D:3      | Noticed Terence
  2644 | D:3      | Killed Terence
  2645 | D:3      | Reached XP level 4. HP: 40/42 MP: 5/5
  3092 | D:4      | Reached skill level 1 in Armour
  3176 | D:4      | Noticed a water moccasin
  3187 | D:4      | Killed a water moccasin
  3188 | D:4      | Reached skill level 1 in Long Blades
  3188 | D:4      | Reached skill level 5 in Axes
  3188 | D:4      | Reached skill level 2 in Armour
  3188 | D:4      | Reached skill level 1 in Dodging
  3188 | D:4      | Reached XP level 5. HP: 30/50 MP: 6/6
  3195 | D:5      | Entered Level 5 of the Dungeon
  3195 | D:5      | Found Ciupt's Assorted Antiques.
  3257 | D:4      | Noticed an ogre
  3265 | D:4      | HP: 2/50 [ogre/+0 giant club (16)]
  3268 | D:4      | Killed an ogre
  3269 | D:4      | Reached XP level 6. HP: 8/57 MP: 6/6
  3338 | D:5      | Reached skill level 3 in Armour
  3368 | D:5      | Reached XP level 7. HP: 26/64 MP: 5/5
  3397 | D:5      | Reached skill level 4 in Armour
  3397 | D:5      | Reached skill level 1 in Stealth
  3510 | D:5      | Noticed Ijyb
  4112 | D:4      | Killed Ijyb
  4113 | D:4      | Reached skill level 5 in Armour
  4176 | D:5      | Identified the +4 dagger "Rabest" {protect, Str+3}
  4224 | D:5      | Reached XP level 8. HP: 70/73 MP: 2/2
  4331 | D:5      | Found a shadowy altar of Dithmenos.
  4382 | D:5      | Reached skill level 1 in Short Blades
  4525 | D:5      | Identified the +0 helmet of Love and Death {+Blink rCorr}
  4654 | D:6      | Reached skill level 5 in Fighting
  4654 | D:6      | Reached skill level 6 in Armour
  4694 | D:6      | Found a glowing golden altar of the Shining One.
  4699 | D:6      | Noticed Menkaure
  4740 | D:6      | Killed Menkaure
  4781 | D:6      | Fell from the grace of Ignis
  4781 | D:6      | Became a worshipper of the Shining One
  4857 | D:6      | Noticed Maggie
  4932 | D:6      | Killed Maggie
  4933 | D:6      | Reached skill level 7 in Armour
  4933 | D:6      | Gained mutation: You passively map the area around you.
                  | [Deep Dwarf growth]
  4933 | D:6      | Reached XP level 9. HP: 35/81 MP: 1/1
  5020 | D:5      | Bought a potion of curing for 63 gold pieces
  5094 | D:6      | Found a staircase to the Ecumenical Temple.
  5108 | D:6      | Slain by a fire elemental

Illustrated notes

Levels and vault maps discovered:
D:1:      wheals_arrival_linesprint, layout_loops_ring, serial_aquarium,
          aquarium_bridge_square [aquarium_subvault_bridge,
          aquarium_subvault_bridge, aquarium_subvault_bridge,
          aquarium_subvault_window], aquarium_bridge_square
          [aquarium_subvault_window, aquarium_subvault_bridge,
          aquarium_subvault_wall, aquarium_subvault_window],
          aquarium_window_corner, aquarium_window_corner, aquarium_view_2b,
          aquarium_balcony_double_1, aquarium_pool_2, minivault_19
D:2:      layout_loops_ring, ebering_ecumenical_altar_box
D:3:      layout_basic, minmay_misc_feat_rows, uniq_robin, uniq_terence
D:4:      layout_loops_ring, nicolae_yredelemnul_corpse_copse,
          lemuel_old_faithful
D:5:      layout_cave_pools, lemuel_doored_altar, nicolae_stop_n_shop_1,
          uniq_ijyb
D:6:      layout_cave_pools, mainiacjoe_overflow_catwalk, pf_just_have_faith,
          minmay_temple_entry_crystal_x, uniq_menkaure, uniq_maggie

Skill      XL: |  1  2  3  4  5  6  7  8 |
---------------+-------------------------+-----
Fighting       | 3 4 5 |  5.4
Axes           | 4 5 |  5.1
Fire Magic     | 3 |  3.1
Armour         | 2 3 5 7 |  7.2
Long Blades    | 1 2 4 |  4.6
Dodging        | 1 2 |  2.8
Stealth        | 1 |  1.2
Short Blades   | 3 |  3.5
Spellcasting   | |  1.0

Action                   |  1- 3 |  4- 6 |  7- 9 || total
-------------------------+-------+-------+-------++-------
Melee: Hand axe          |    92 |       |       ||    92
       War axe           |    17 |    21 |       ||    38
       Falchion          |       |    93 |    99 ||   192
       Punch             |       |     2 |     6 ||     8
       Dagger            |       |       |   245 ||   245
Invok: Foxfire Swarm     |     8 |       |       ||     8
       Rising Flame      |       |     1 |       ||     1
 Abil: Heal Wounds       |     4 |    10 |    21 ||    35
  Use: Scroll            |     3 |     4 |     4 ||    11
       Potion            |       |     3 |     4 ||     7
 Stab: Distracted        |       |     1 |       ||     1
Armor: Robe              |    14 |       |       ||    14
       Chain mail        |     7 |    93 |   226 ||   326
Dodge: Dodged            |    52 |    70 |   155 ||   277
